 Dungeon Crawl Stone Soup version 0.19.0-19-g8c6edcc (webtiles) character file.

3859 lorenzova the Grappler (level 9, -16/89 HPs)
             Began as a Troll Monk on Nov 12, 2016.
             Demolished by a komodo dragon (21 damage)
             ... on level 8 of the Dungeon.
             The game lasted 00:14:28 (7172 turns).

lorenzova the Grappler (Troll Monk)                 Turns: 7172, Time: 00:14:28

Health: -16/89     AC: 11    Str: 21    XL:     9   Next: 99%
Magic:  8/8        EV: 15    Int:  6    God:
Gold:   515        SH:  0    Dex: 17    Spells: 0 memorised, 8 levels left

rFire  . . .     SeeInvis .       - Unarmed
rCold  . . .     Gourm    +     E - +1 robe {MR+}
rNeg   . . .     Faith    .     (no shield)
rPois  .         Spirit   .     (helmet restricted)
rElec  .         Reflect  .     q - +0 cloak
rCorr  .         Harm     .     (gloves unavailable)
MR     +....                    (boots unavailable)
Stlth  ++........               (no amulet)
                                L - +2 ring of dexterity
                                f - +4 ring of protection

@: no status effects
A: unfitting armour, claws 3, fast metabolism 3, gourmand, regeneration 1,
shaggy fur 1, tough skin 2
a: no special abilities


You were on level 8 of the Dungeon.
You were very full.

You visited 2 branches of the dungeon, and saw 9 of its levels.
You also visited: Sewer.

You collected 515 gold pieces.

Inventory:

Armour
 a - a +0 robe
 q - a +0 cloak (worn)
 E - a +1 robe of magic resistance (worn)
Jewellery
 f - a +4 ring of protection (left claw)
 D - an uncursed ring of wizardry
 L - a +2 ring of dexterity (right claw)
Wands
 c - a wand of disintegration (6/24)
 p - a wand of teleportation (3/9)
 y - a wand of random effects (32/48)
 M - a wand of flame (17/48)
Scrolls
 d - 2 scrolls of magic mapping {unknown}
 g - 4 scrolls of remove curse {unknown}
 l - 3 scrolls of enchant weapon {unknown}
 n - 8 scrolls of teleportation {unknown}
 s - 2 scrolls of fear {unknown}
 t - a scroll of fog {unknown}
 u - a scroll of enchant armour {unknown}
 v - 2 scrolls of noise {unknown}
 x - a scroll of random uselessness {unknown}
 N - 2 scrolls of identify
 P - a scroll of blinking {unknown}
Potions
 e - a potion of flight
 h - 8 potions of curing
 k - 2 potions of heal wounds
 m - a potion of degeneration
 o - 2 potions of cure mutation
 r - a potion of brilliance
 w - 5 potions of lignification
 z - 2 potions of invisibility {unknown}
 B - a potion of haste {unknown}
 C - a potion of magic {unknown}
 H - a potion of berserk rage {unknown}
 I - 2 potions of might {unknown}
 J - a potion of cancellation {unknown}
 O - a potion of mutation {unknown}
Books
 G - a book of Necromancy

   Spells                             Type                      Level
   a - Pain                           Necromancy                   1
   b - Animate Skeleton               Necromancy                   1
   c - Vampiric Draining              Necromancy                   3
   d - Regeneration                   Charms/Necromancy            3
   e - Animate Dead                   Necromancy                   4
   f - Control Undead                 Necromancy                   4
Comestibles
 b - 9 bread rations
 i - 2 slices of pizza
 j - 2 meat rations
 A - 9 fruits
 F - a royal jelly
 K - 2 beef jerkies


   Skills:
 + Level 5.9 Fighting
 * Level 8.0 Dodging
 - Level 1.0 Stealth
 * Level 9.6 Unarmed Combat


You had 8 spell levels left.
You didn't know any spells.

Dungeon Overview and Level Annotations

Branches:
Dungeon (8/15)             Temple (1/1) D:7            Lair (0/6) D:8

Altars:
Ashenzari
Cheibriados
Dithmenos
Elyvilon
Fedhas
Gozag
Hepliaklqana
Kikubaaqudgha
Makhleb
Nemelex Xobeh
Okawaru
Qazlal
Ru
Sif Muna
Trog
Uskayaw
Vehumet
Xom
Yredelemnul
Zin
The Shining One

Shops:
D:8 %


Innate Abilities, Weirdness & Mutations

You are too large for most types of armour.
You have claws for hands.
Your metabolism is lightning-fast.
You like to eat raw meat.
Your natural rate of healing is unusually fast.
You are covered in fur. (AC +1)
You have very tough skin. (AC +2)


Message History

You completely miss the komodo dragon.
The komodo dragon is moderately wounded.
The komodo dragon bites you.
You scratch the komodo dragon. You claw the komodo dragon!
The komodo dragon is severely wounded.
The komodo dragon bites you!!
* * * LOW HITPOINT WARNING * * *
You barely miss the komodo dragon.
The komodo dragon is severely wounded.
You barely miss the komodo dragon.
The komodo dragon is severely wounded.
The komodo dragon closely misses you.
You barely miss the komodo dragon.
The komodo dragon is severely wounded.
The komodo dragon bites you!
* * * LOW HITPOINT WARNING * * *
You closely miss the komodo dragon.
The komodo dragon is severely wounded.
The komodo dragon bites you!!
You die...

#.##.# #########.# ##.##.#
#.# ....#.# #.# ##..#.#
####.# ....#.# #....##
....#.###########.....###
....#........##...P.....##
#.##########.#......PPPPP#
#.# #....@lP.PPPPP# #.#
#.....P.....PP# #.#


##.PPPPPP.>.PP# ..# ##PPPPPP...PP# ### ##PPPPPPPPP## ########### You could see a
komodo dragon.

Vanquished Creatures
  The ghost of Gravenous the Transmogrifier, a novice DrTm (D:6)
  Prince Ribbit (D:8)
  A hippogriff (D:8)
  Sigmund (D:6)
  A wyvern (D:8)
  Menkaure (D:6)
  An ice beast (D:3)
  3 orc warriors
  A sky beast (D:6)
  2 phantoms
  2 ogres
  2 centaurs
  2 big kobolds
  3 bullfrogs
  3 scorpions
  A crimson imp (D:5)
  3 orc priests (D:7)
  Crazy Yiuf (D:2)
  2 bullfrog skeletons (D:8)
  4 hounds
  An orc wizard (D:6)
  4 iguanas
  9 worker ants
  A killer bee zombie (D:8)
  3 hound skeletons
  4 gnolls (D:2)
  11 adders
  3 river rats
  A shadow imp (D:7)
  5 oozes
  An adder zombie (D:6)
  An adder skeleton (D:6)
  5 worms
  4 dart slugs
  6 leopard geckos
  21 orcs
  2 ball pythons
  5 giant cockroaches
  11 goblins
  8 hobgoblins
  2 jackals (D:4)
  A quokka (D:4)
  6 bats
  6 frilled lizards
  A giant cockroach zombie (D:6)
  A jackal zombie (D:6)
  17 kobolds
  12 rats
  2 fungi (D:2)
190 creatures vanquished.

Vanquished Creatures (others)
  4 plants (D:8)
4 creatures vanquished.

Grand Total: 194 creatures vanquished

Notes
Turn   | Place    | Note
-------+----------+-------------------------------------------
     0 | D:1      | lorenzova the Troll Monk began the quest for the Orb.
     0 | D:1      | Reached XP level 1. HP: 22/22 MP: 0/0
   106 | D:1      | Reached XP level 2. HP: 29/29 MP: 1/1
   649 | D:2      | Reached XP level 3. HP: 36/36 MP: 2/2
  1379 | D:2      | Reached XP level 4. HP: 38/44 MP: 3/3
  1651 | D:2      | Found a runed door.
  1655 | D:2      | Noticed Crazy Yiuf
  1660 | D:2      | Killed Crazy Yiuf
  1660 | D:2      | Reached skill level 4 in Unarmed Combat
  1844 | D:3      | Reached XP level 5. HP: 53/53 MP: 4/4
  1982 | D:3      | Found a glowing drain.
  1995 | Sewer    | Entered a sewer
  2173 | Sewer    | Reached XP level 6. HP: 50/61 MP: 5/5
  2369 | D:3      | Noticed an ice beast
  2519 | D:3      | Reached skill level 5 in Unarmed Combat
  2806 | D:3      | Killed an ice beast
  2806 | D:3      | Reached XP level 7. HP: 51/68 MP: 6/6
  3434 | D:4      | Reached skill level 6 in Unarmed Combat
  3670 | D:5      | Entered Level 5 of the Dungeon
  3759 | D:5      | Reached skill level 5 in Dodging
  4567 | D:6      | Noticed Sigmund
  4576 | D:6      | Killed Sigmund
  4576 | D:6      | Reached XP level 8. HP: 79/79 MP: 7/7
  4662 | D:6      | Reached skill level 7 in Unarmed Combat
  4818 | D:6      | Noticed Gravenous's ghost (novice DrTm)
  4839 | D:6      | Killed Gravenous's ghost
  4839 | D:6      | Reached skill level 5 in Fighting
  4839 | D:6      | Reached skill level 8 in Unarmed Combat
  4839 | D:6      | Reached XP level 9. HP: 75/88 MP: 8/8
  5069 | D:6      | Noticed Menkaure
  5074 | D:6      | Killed Menkaure
  5738 | D:7      | Found a staircase to the Ecumenical Temple.
  5747 | Temple   | Entered the Ecumenical Temple
  6433 | D:8      | Noticed Prince Ribbit
  6474 | D:8      | Killed Prince Ribbit
  6474 | D:8      | Reached skill level 9 in Unarmed Combat
  6791 | D:8      | Found Niommoj's Food Emporium.
  7005 | D:8      | Found a staircase to the Lair.
  7006 | D:8      | Noticed a komodo dragon
  7171 | D:8      | HP: 4/89 [komodo dragon (8)]
  7172 | D:8      | Demolished by a komodo dragon

Skill      XL: |  1  2  3  4  5  6  7  8  9 |
---------------+----------------------------+-----
Dodging        | 3 4 5 6 8 |  8.0
Fighting       | 3 4 5 |  5.9
Unarmed Combat | 4 5 6 8 9 |  9.6
Stealth        | |  1.0

Action                   |  1- 3 |  4- 6 |  7- 9 || total
-------------------------+-------+-------+-------++-------
Melee: Unarmed           |    83 |   174 |   291 ||   548
       Punch             |       |     1 |    11 ||    12
  Use: Scroll            |       |       |     7 ||     7
 Stab: Sleeping          |     3 |     6 |     6 ||    15
       Distracted        |       |     1 |       ||     1
  Eat: Chunk             |    18 |    14 |    39 ||    71
Armor: Robe              |    23 |    33 |    95 ||   151
Dodge: Dodged            |    46 |    76 |   165 ||   287
